| Goals | Penalties |
1. Avalanche , Bo Horvat 3 (David Pastrnak 4, Artemi Panarin 5) at 15:12 (PP)
|
Matt Roy (BOS) for Unsportsmanlike conduct (Minor) at 14:30
|
2. Bruins , Jared Spurgeon 3 (Conor Garland 7) at 16:44
|
Nazem Kadri (BOS) for High sticking (Minor) at 0:43 Travis Sanheim (COL) for Delaying the game (Minor) at 4:38 Jordan Staal (COL) for Cross-checking (Minor) at 5:02 Dylan DeMelo (COL) for Tripping (Minor) at 7:28 Travis Sanheim (COL) for High sticking (Minor) at 17:12
|
3. Bruins , J.T. Compher 3 (Ryan Graves 2, Dylan Holloway 2) at 15:47
4. Bruins , Matthew Knies 3 (Anthony Cirelli 4, Jared Spurgeon 3) at 16:30 (PP)
|
Ryan Graves (BOS) for Interference (Minor) at 1:21 Nazem Kadri (BOS) for Roughing (Minor) at 4:53 Travis Sanheim (COL) for Holding (Minor) at 15:50
|
|
Jeremy Swayman (COL), 28 saves from 31 shots - (0,903), L, 5-2-0, 60:00 minutes
Ilya Sorokin (BOS), 33 saves from 34 shots - (0,971), W, 5-2-2, 60:00 minutes
|
|
1 - Ilya Sorokin (BOS)
2 - Jared Spurgeon (BOS)
3 - J.T. Compher (BOS)
|
Referees : Hillary Brennan and Graedy Hamilton
Linesman : Sarah Buckner and Andrew Smith
|
|
| No Game Note
|
|
Level 1 -- Attendance: 5292 (82%) -- Ticket Income $486,864
Level 2 -- Attendance: 5351 (92%) -- Ticket Income $288,954
Level 3 -- Attendance: 3724 (68%) -- Ticket Income $107,996
Level 4 -- Attendance: 3035 (51%) -- Ticket Income $57,665
Luxury Box -- Attendance: 908 (79%) -- Ticket Income $181,600
Game was played at the FleetCenter.
Total Attendance: 18310 (74%)
Total Ticket Income: $1,123,079
Other Income: $336,924
Total Income: $1,460,003
|
| Team Name |
Goals |
Shots |
Shots Attemp |
Shots Blocked |
PIM |
HIT |
PP |
PK |
FO% |
| Avalanche |
1 | 34 | 59 | 9 | 10 | 21 | 1 / 4 (25%) | 1 | 53% |
| Bruins |
3 | 31 | 60 | 8 | 8 | 18 | 1 / 5 (20%) | 1 | 47% |
Avalanche
| Player Name |
POS |
G |
A |
P |
+/- |
PIM |
HIT |
SHT |
SB |
MP |
PP MP |
PP SHT |
PK MP |
PK SHT |
FO% |
FOT |
GA |
TA |
| Alex Pietrangelo | D | 0 | 0 | 0 | -2 | 0 | 0 | 0 | 1 | 22:27 | 2:40 | 0 | 2:59 | 0 | 0% |
0 | 1 | 1 |
| Artemi Panarin | LW/RW | 0 | 1 | 1 | 0 | 0 | 2 | 3 | 0 | 16:33 | 3:37 | 1 | 0:00 | 0 | 100% |
1 | 1 | 0 |
| Bo Horvat | C/LW/RW | 1 | 0 | 1 | 0 | 0 | 2 | 4 | 0 | 19:05 | 3:37 | 1 | 1:53 | 0 | 50% |
28 | 0 | 0 |
| Brayden Point | C/RW | 0 | 0 | 0 | -1 | 0 | 0 | 5 | 0 | 20:59 | 3:59 | 0 | 1:07 | 0 | 35% |
23 | 1 | 0 |
| David Pastrnak | RW | 0 | 1 | 1 | -1 | 0 | 2 | 4 | 0 | 19:14 | 3:37 | 0 | 0:00 | 0 | 0% |
0 | 1 | 0 |
| Dylan DeMelo | D | 0 | 0 | 0 | 0 | 2 | 1 | 0 | 0 | 14:51 | 0:00 | 0 | 3:23 | 0 | 0% |
0 | 1 | 0 |
| Esa Lindell | D | 0 | 0 | 0 | 0 | 0 | 2 | 1 | 3 | 20:26 | 0:00 | 0 | 4:18 | 0 | 0% |
0 | 0 | 0 |
| Jake Sanderson | D | 0 | 0 | 0 | -2 | 0 | 2 | 1 | 3 | 25:31 | 3:59 | 0 | 2:33 | 0 | 0% |
0 | 0 | 0 |
| Jordan Kyrou | RW | 0 | 0 | 0 | 0 | 0 | 2 | 3 | 1 | 16:06 | 3:02 | 1 | 0:00 | 0 | 50% |
2 | 1 | 0 |
| Jordan Staal | C | 0 | 0 | 0 | -1 | 2 | 1 | 1 | 1 | 15:11 | 0:00 | 0 | 3:09 | 0 | 74% |
19 | 0 | 0 |
| Leo Carlsson | C/LW/RW | 0 | 0 | 0 | 0 | 0 | 1 | 2 | 0 | 6:09 | 0:00 | 0 | 0:10 | 0 | 50% |
2 | 0 | 1 |
| Logan O'Connor | RW | 0 | 0 | 0 | 0 | 0 | 0 | 0 | 0 | 9:03 | 0:00 | 0 | 3:27 | 0 | 0% |
0 | 0 | 0 |
| Matty Beniers | C | 0 | 0 | 0 | -1 | 0 | 1 | 3 | 0 | 16:48 | 3:02 | 0 | 1:56 | 0 | 50% |
4 | 0 | 0 |
| Michael Bunting | LW | 0 | 0 | 0 | 0 | 0 | 0 | 0 | 0 | 5:31 | 0:00 | 0 | 0:00 | 0 | 0% |
0 | 1 | 0 |
| Morgan Geekie | C/LW/RW | 0 | 0 | 0 | -1 | 0 | 1 | 0 | 0 | 16:07 | 0:00 | 0 | 0:37 | 0 | 75% |
4 | 0 | 1 |
| Nikolaj Ehlers | LW/RW | 0 | 0 | 0 | -1 | 0 | 1 | 4 | 0 | 14:46 | 3:02 | 0 | 0:00 | 0 | 0% |
0 | 1 | 0 |
| Pavel Mintyukov | D | 0 | 0 | 0 | 0 | 0 | 1 | 2 | 0 | 11:41 | 0:00 | 0 | 0:39 | 0 | 0% |
0 | 0 | 0 |
| Travis Sanheim | D | 0 | 0 | 0 | 0 | 6 | 2 | 1 | 0 | 20:51 | 2:40 | 0 | 0:17 | 0 | 0% |
0 | 0 | 1 |
Bruins
| Player Name |
POS |
G |
A |
P |
+/- |
PIM |
HIT |
SHT |
SB |
MP |
PP MP |
PP SHT |
PK MP |
PK SHT |
FO% |
FOT |
GA |
TA |
| Adam Gaudette | RW | 0 | 0 | 0 | 0 | 0 | 0 | 2 | 0 | 5:26 | 0:00 | 0 | 0:00 | 0 | 0% |
1 | 0 | 1 |
| Alex Newhook | C/LW/RW | 0 | 0 | 0 | 1 | 0 | 0 | 1 | 0 | 11:17 | 0:00 | 0 | 0:00 | 0 | 0% |
0 | 0 | 0 |
| Anthony Cirelli | C/RW | 0 | 1 | 1 | 0 | 0 | 1 | 4 | 0 | 24:23 | 4:20 | 2 | 3:55 | 0 | 51% |
43 | 0 | 0 |
| Conor Garland | LW/RW | 0 | 1 | 1 | 1 | 0 | 2 | 1 | 0 | 15:53 | 2:41 | 0 | 0:31 | 0 | 0% |
1 | 0 | 1 |
| Dylan Holloway | LW | 0 | 1 | 1 | 1 | 0 | 1 | 1 | 0 | 11:17 | 0:00 | 0 | 0:00 | 0 | 0% |
0 | 0 | 0 |
| J.T. Compher | C/LW | 1 | 0 | 1 | 1 | 0 | 3 | 5 | 0 | 15:42 | 0:00 | 0 | 3:55 | 1 | 27% |
11 | 0 | 0 |
| Jared Spurgeon | D | 1 | 1 | 2 | 1 | 0 | 1 | 1 | 1 | 29:03 | 4:35 | 0 | 3:57 | 0 | 0% |
0 | 0 | 0 |
| Jonas Siegenthaler | D | 0 | 0 | 0 | 0 | 0 | 1 | 2 | 1 | 12:09 | 0:00 | 0 | 3:24 | 0 | 0% |
0 | 0 | 0 |
| Logan Cooley | C/RW | 0 | 0 | 0 | 0 | 0 | 1 | 2 | 0 | 21:52 | 2:41 | 0 | 2:13 | 0 | 0% |
2 | 2 | 0 |
| Matt Roy | D | 0 | 0 | 0 | 1 | 2 | 3 | 1 | 4 | 25:51 | 2:26 | 0 | 3:08 | 0 | 0% |
0 | 0 | 4 |
| Matthew Knies | LW/RW | 1 | 0 | 1 | 0 | 0 | 1 | 6 | 0 | 20:27 | 4:20 | 2 | 0:00 | 0 | 20% |
5 | 0 | 0 |
| Miro Heiskanen | D | 0 | 0 | 0 | 1 | 0 | 1 | 0 | 2 | 22:37 | 4:35 | 0 | 0:02 | 0 | 0% |
0 | 1 | 1 |
| Nazem Kadri | C | 0 | 0 | 0 | 1 | 4 | 1 | 2 | 0 | 16:54 | 4:20 | 0 | 0:00 | 0 | 71% |
14 | 0 | 0 |
| Nino Niederreiter | RW | 0 | 0 | 0 | 1 | 0 | 2 | 1 | 0 | 15:11 | 2:41 | 0 | 0:00 | 0 | 0% |
1 | 0 | 1 |
| Patrik Laine | LW/RW | 0 | 0 | 0 | 0 | 0 | 0 | 1 | 0 | 8:38 | 0:00 | 0 | 2:13 | 0 | 100% |
1 | 1 | 0 |
| Philip Broberg | D | 0 | 0 | 0 | 0 | 0 | 0 | 0 | 0 | 12:04 | 2:26 | 0 | 0:00 | 0 | 0% |
0 | 0 | 0 |
| Ryan Graves | D | 0 | 1 | 1 | 1 | 2 | 0 | 1 | 0 | 18:36 | 0:00 | 0 | 2:47 | 0 | 0% |
0 | 0 | 0 |
| Sam Carrick | C | 0 | 0 | 0 | 0 | 0 | 0 | 0 | 0 | 5:57 | 0:00 | 0 | 0:31 | 0 | 50% |
4 | 0 | 0 |
Avalanche
| 5 vs 5 Forward |
|---|
| Line # | Left Wing | Center | Right Wing | PHY | DF | OF | Wanted % | Time % | Time Play |
| 1 | Morgan Geekie | Brayden Point | David Pastrnak | 1 | 1 | 3 | 36 | 36% | 16:33
|
| 2 | Artemi Panarin | Bo Horvat | Jordan Kyrou | 1 | 1 | 3 | 32 | 27% | 12:36
|
| 3 | Nikolaj Ehlers | Jordan Staal | Matty Beniers | 1 | 2 | 2 | 23 | 25% | 11:40
|
| 4 | Michael Bunting | Leo Carlsson | Logan O'Connor | 1 | 3 | 1 | 9 | 12% | 5:31
|
| 5 vs 5 Defense |
|---|
| Line # | Defense | Defense | | PHY | DF | OF | Wanted % | Time % | Time Play |
| 1 | Jake Sanderson | Alex Pietrangelo | | 1 | 2 | 2 | 38 | 38% | 17:33
|
| 2 | Travis Sanheim | Esa Lindell | | 1 | 3 | 1 | 35 | 34% | 15:52
|
| 3 | Dylan DeMelo | Pavel Mintyukov | | 1 | 3 | 1 | 22 | 24% | 10:56
|
| 4 | Jake Sanderson | Travis Sanheim | | 1 | 1 | 3 | 5 | 4% | 1:59
|
| Power Play Forward |
|---|
| Line # | Left Wing | Center | Right Wing | PHY | DF | OF | Wanted % | Time % | Time Play |
| 1 | Artemi Panarin | Bo Horvat | David Pastrnak | 1 | 0 | 4 | 55 | 54% | 3:37
|
| 2 | Nikolaj Ehlers | Matty Beniers | Jordan Kyrou | 1 | 0 | 4 | 45 | 46% | 3:02
|
| Power Play Defense |
|---|
| Line # | Defense | Defense | | PHY | DF | OF | Wanted % | Time % | Time Play |
| 1 | Brayden Point | Jake Sanderson | | 1 | 1 | 3 | 55 | 60% | 3:59
|
| 2 | Travis Sanheim | Alex Pietrangelo | | 1 | 1 | 3 | 45 | 40% | 2:40
|
| Penalty Kill 4 Players Forward |
|---|
| Line # | Center | Wing | PHY | DF | OF | Wanted % | Time % | Time Play |
| 1 | Jordan Staal | Logan O'Connor | 1 | 3 | 1 | 60 | 89% | 4:49
|
| 2 | Bo Horvat | Morgan Geekie | 1 | 3 | 1 | 40 | 11% | 0:37
|
| Penalty Kill 4 Players Defense |
|---|
| Line # | Defense | Defense | PHY | DF | OF | Wanted % | Time % | Time Play |
| 1 | Esa Lindell | Dylan DeMelo | 1 | 3 | 1 | 60 | 64% | 3:29
|
| 2 | Jake Sanderson | Alex Pietrangelo | 1 | 3 | 1 | 40 | 36% | 1:57
|
| Penalty Kill 3 Players |
|---|
| Line # | Wing | PHY | DF | OF | Wanted % | Time % | Time Play | Defense | Defense | PHY | DF | OF | Wanted % | Time % | Time Play |
| 1 | Jordan Staal | 1 | 4 | 0 | 60 | 100% | 1:35
| Esa Lindell | Dylan DeMelo | 1 | 4 | 0 | 60 | 62% | 0:59
|
| 2 | Bo Horvat | 1 | 4 | 0 | 40 | 0% | 0:00
| Jake Sanderson | Alex Pietrangelo | 1 | 4 | 0 | 40 | 38% | 0:36
|
| 4 vs 4 Forward |
|---|
| Line # | Center | Wing | PHY | DF | OF | Wanted % | Time % | Time Play |
| 1 | Brayden Point | David Pastrnak | 1 | 2 | 2 | 55 | 0% | 0:00
|
| 2 | Bo Horvat | Artemi Panarin | 1 | 2 | 2 | 45 | 0% | 0:00
|
| 4 vs 4 Defense |
|---|
| Line # | Defense | | PHY | DF | OF | Wanted % | Time % | Time Play |
| 1 | Jake Sanderson | Travis Sanheim | 1 | 2 | 2 | 60 | 0% | 0:00
|
| 2 | Alex Pietrangelo | Esa Lindell | 1 | 2 | 2 | 40 | 0% | 0:00
|
| Last Minutes Offensive |
|---|
| Left Wing | Center | Right Wing | Defense | Defense |
| Artemi Panarin | Brayden Point | David Pastrnak | Jake Sanderson | Travis Sanheim |
| Last Minutes Defensive |
|---|
| Left Wing | Center | Right Wing | Defense | Defense |
| Jordan Staal | Bo Horvat | Logan O'Connor | Esa Lindell | Jake Sanderson |
| Time |
|---|
| Total Forward | Total Defense | Last Minutes Offensive | Last Minutes Defensive |
| 60:00 |
60:00 |
0:00 | 0:00 |
| Extra Forwards |
|---|
| Normal | PowerPlay | Penalty Kill |
|
Jordan Staal, Morgan Geekie, Matty Beniers | Jordan Staal, Morgan Geekie | Matty Beniers |
| Extra Defensemen |
|---|
| Normal | PowerPlay | Penalty Kill |
|
Dylan DeMelo, Pavel Mintyukov, Alex Pietrangelo | Dylan DeMelo, Pavel Mintyukov | Alex Pietrangelo |
| Penalty Shots |
|---|
|
David Pastrnak, Brayden Point, Artemi Panarin, Bo Horvat, Jordan Kyrou |
| Goalie |
|---|
| Jeremy Swayman, Alex Nedeljkovic |
| Scratches |
|---|
|
Brett Leason (Healthy), Emil Lilleberg (Healthy), Ryker Evans (Healthy) |
Bruins
| 5 vs 5 Forward |
|---|
| Line # | Left Wing | Center | Right Wing | PHY | DF | OF | Wanted % | Time % | Time Play |
| 1 | Matthew Knies | Anthony Cirelli | Logan Cooley | 1 | 2 | 2 | 40 | 37% | 17:07
|
| 2 | Conor Garland | Nazem Kadri | Nino Niederreiter | 1 | 2 | 2 | 30 | 27% | 12:30
|
| 3 | Dylan Holloway | J.T. Compher | Alex Newhook | 1 | 2 | 2 | 22 | 24% | 11:17
|
| 4 | Patrik Laine | Sam Carrick | Adam Gaudette | 1 | 2 | 2 | 8 | 12% | 5:26
|
| 5 vs 5 Defense |
|---|
| Line # | Defense | Defense | | PHY | DF | OF | Wanted % | Time % | Time Play |
| 1 | Jared Spurgeon | Matt Roy | | 1 | 2 | 2 | 45 | 44% | 20:31
|
| 2 | Miro Heiskanen | Ryan Graves | | 1 | 2 | 2 | 35 | 35% | 16:24
|
| 3 | Jonas Siegenthaler | Philip Broberg | | 1 | 2 | 2 | 20 | 20% | 9:25
|
| 4 | Jared Spurgeon | Matt Roy | | 1 | 3 | 1 | 0 | 0% | 0:00
|
| Power Play Forward |
|---|
| Line # | Left Wing | Center | Right Wing | PHY | DF | OF | Wanted % | Time % | Time Play |
| 1 | Nazem Kadri | Anthony Cirelli | Matthew Knies | 0 | 1 | 4 | 65 | 62% | 4:20
|
| 2 | Conor Garland | Logan Cooley | Nino Niederreiter | 0 | 1 | 4 | 35 | 38% | 2:41
|
| Power Play Defense |
|---|
| Line # | Defense | Defense | | PHY | DF | OF | Wanted % | Time % | Time Play |
| 1 | Jared Spurgeon | Miro Heiskanen | | 0 | 1 | 4 | 70 | 65% | 4:35
|
| 2 | Matt Roy | Philip Broberg | | 0 | 1 | 4 | 30 | 35% | 2:26
|
| Penalty Kill 4 Players Forward |
|---|
| Line # | Center | Wing | PHY | DF | OF | Wanted % | Time % | Time Play |
| 1 | Anthony Cirelli | J.T. Compher | 0 | 4 | 1 | 65 | 92% | 6:08
|
| 2 | Sam Carrick | Conor Garland | 0 | 4 | 1 | 35 | 8% | 0:31
|
| Penalty Kill 4 Players Defense |
|---|
| Line # | Defense | Defense | PHY | DF | OF | Wanted % | Time % | Time Play |
| 1 | Jared Spurgeon | Matt Roy | 0 | 4 | 1 | 65 | 49% | 3:15
|
| 2 | Jonas Siegenthaler | Ryan Graves | 0 | 4 | 1 | 35 | 51% | 3:24
|
| Penalty Kill 3 Players |
|---|
| Line # | Wing | PHY | DF | OF | Wanted % | Time % | Time Play | Defense | Defense | PHY | DF | OF | Wanted % | Time % | Time Play |
| 1 | Anthony Cirelli | 0 | 4 | 1 | 60 | 0% | 0:00
| Jared Spurgeon | Matt Roy | 0 | 4 | 1 | 65 | 0% | 0:00
|
| 2 | J.T. Compher | 0 | 4 | 1 | 40 | 0% | 0:00
| Ryan Graves | Jonas Siegenthaler | 0 | 4 | 1 | 35 | 0% | 0:00
|
| 4 vs 4 Forward |
|---|
| Line # | Center | Wing | PHY | DF | OF | Wanted % | Time % | Time Play |
| 1 | Anthony Cirelli | Matthew Knies | 1 | 2 | 2 | 60 | 0% | 0:00
|
| 2 | Nazem Kadri | J.T. Compher | 1 | 2 | 2 | 40 | 0% | 0:00
|
| 4 vs 4 Defense |
|---|
| Line # | Defense | | PHY | DF | OF | Wanted % | Time % | Time Play |
| 1 | Jared Spurgeon | Matt Roy | 1 | 2 | 2 | 60 | 0% | 0:00
|
| 2 | Miro Heiskanen | Ryan Graves | 1 | 2 | 2 | 40 | 0% | 0:00
|
| Last Minutes Offensive |
|---|
| Left Wing | Center | Right Wing | Defense | Defense |
| Nazem Kadri | Anthony Cirelli | Matthew Knies | Miro Heiskanen | Jared Spurgeon |
| Last Minutes Defensive |
|---|
| Left Wing | Center | Right Wing | Defense | Defense |
| J.T. Compher | Anthony Cirelli | Conor Garland | Matt Roy | Jared Spurgeon |
| Time |
|---|
| Total Forward | Total Defense | Last Minutes Offensive | Last Minutes Defensive |
| 60:00 |
60:00 |
0:00 | 0:00 |
| Extra Forwards |
|---|
| Normal | PowerPlay | Penalty Kill |
|
Nazem Kadri, Anthony Cirelli, Matthew Knies | Nazem Kadri, Anthony Cirelli | Anthony Cirelli |
| Extra Defensemen |
|---|
| Normal | PowerPlay | Penalty Kill |
|
Miro Heiskanen, Jared Spurgeon, Philip Broberg | Miro Heiskanen, Matt Roy | Jared Spurgeon |
| Penalty Shots |
|---|
|
Nazem Kadri, Anthony Cirelli, Conor Garland, Logan Cooley, Matthew Knies |
| Goalie |
|---|
| Ilya Sorokin, Anton Forsberg |
| Scratches |
|---|
|
Zach Benson (Healthy), Michael Carcone (Healthy), Philip Tomasino (Healthy), Lukas Reichel (Healthy) |
Play-by-Play
1st period
0:01 of 1st period - Anthony Cirelli wins face-off versus Brayden Point in neutral zone.
0:12 of 1st period - Snap shot by David Pastrnak.
0:12 of 1st period - Stopped by Ilya Sorokin with a rebound.
0:33 of 1st period - Snap shot by Nazem Kadri.
0:33 of 1st period - Deflect By Bo Horvat.
0:33 of 1st period - Shot Blocked by Jordan Kyrou.
0:33 of 1st period - Puck is out of play.
0:34 of 1st period - Bo Horvat wins face-off versus Conor Garland in Avalanche zone.
0:43 of 1st period - Slapshot by Jordan Kyrou.
0:43 of 1st period - Stopped by Ilya Sorokin with a rebound.
1:01 of 1st period - Ryan Graves is hit by Esa Lindell and loses puck.
2:08 of 1st period - Snap shot by Bo Horvat.
2:08 of 1st period - Stopped by Ilya Sorokin without a rebound.
2:09 of 1st period - Nazem Kadri wins face-off versus Bo Horvat in Bruins zone.
2:18 of 1st period - Matt Roy is hit by Esa Lindell and loses puck.
2:41 of 1st period - Snap shot by Matthew Knies.
2:41 of 1st period - Shot Misses the Net.
2:49 of 1st period - Matt Roy is hit by Travis Sanheim and loses puck.
3:00 of 1st period - Wrist shot by J.T. Compher.
3:00 of 1st period - Stopped by Jeremy Swayman without a rebound.
3:01 of 1st period - J.T. Compher wins face-off versus Brayden Point in Avalanche zone.
3:19 of 1st period - Off-side.
3:20 of 1st period - Anthony Cirelli wins face-off versus Jordan Kyrou in neutral zone.
3:47 of 1st period - Snap shot by Nazem Kadri.
3:47 of 1st period - Shot Misses the Net.
4:37 of 1st period - Snap shot by Leo Carlsson.
4:37 of 1st period - Shot Hit the Post.
4:39 of 1st period - Snap shot by Leo Carlsson.
4:39 of 1st period - Stopped by Ilya Sorokin with a rebound.
5:15 of 1st period - Wrist shot by Nazem Kadri.
5:15 of 1st period - Stopped by Jeremy Swayman without a rebound.
5:16 of 1st period - Nazem Kadri wins face-off versus Brayden Point in Avalanche zone.
5:57 of 1st period - Wrist shot by Jordan Staal.
5:57 of 1st period - Shot Misses the Net.
6:13 of 1st period - Snap shot by Logan Cooley.
6:13 of 1st period - Shot Misses the Net.
6:15 of 1st period - Slapshot by Matthew Knies.
6:15 of 1st period - Stopped by Jeremy Swayman without a rebound.
6:16 of 1st period - Brayden Point wins face-off versus Anthony Cirelli in Avalanche zone.
6:31 of 1st period - Wrist shot by Brayden Point.
6:31 of 1st period - Stopped by Ilya Sorokin with a rebound.
7:11 of 1st period - Wrist shot by Patrik Laine.
7:11 of 1st period - Deflect By Dylan DeMelo.
7:11 of 1st period - Shot Misses the Net.
7:11 of 1st period - Puck is out of play.
7:12 of 1st period - Jordan Staal wins face-off versus Sam Carrick in Avalanche zone.
7:20 of 1st period - Slapshot by Jordan Staal.
7:20 of 1st period - Deflect By Matty Beniers.
7:20 of 1st period - Stopped by Ilya Sorokin without a rebound.
7:21 of 1st period - Brayden Point wins face-off versus Anthony Cirelli in Bruins zone.
7:24 of 1st period - Snap shot by Brayden Point.
7:24 of 1st period - Stopped by Ilya Sorokin without a rebound.
7:25 of 1st period - Anthony Cirelli wins face-off versus Brayden Point in Bruins zone.
7:52 of 1st period - Dylan Holloway is hit by Artemi Panarin.
8:00 of 1st period - Slapshot by Alex Newhook.
8:00 of 1st period - Shot Misses the Net.
9:04 of 1st period - Esa Lindell is hit by Miro Heiskanen and loses puck.
9:31 of 1st period - Wrist shot by Jordan Kyrou.
9:31 of 1st period - Shot Misses the Net.
9:49 of 1st period - Wrist shot by Conor Garland.
9:49 of 1st period - Shot Misses the Net.
10:03 of 1st period - Wrist shot by Nikolaj Ehlers.
10:03 of 1st period - Stopped by Ilya Sorokin without a rebound.
10:04 of 1st period - Jordan Staal wins face-off versus Sam Carrick in Bruins zone.
10:07 of 1st period - Slapshot by Nikolaj Ehlers.
10:07 of 1st period - Stopped by Ilya Sorokin without a rebound.
10:08 of 1st period - Anthony Cirelli wins face-off versus Jordan Staal in Bruins zone.
10:14 of 1st period - Off-side.
10:15 of 1st period - Brayden Point wins face-off versus Anthony Cirelli in neutral zone.
10:18 of 1st period - Slapshot by Jake Sanderson.
10:18 of 1st period - Stopped by Ilya Sorokin with a rebound.
10:28 of 1st period - Snap shot by Logan Cooley.
10:28 of 1st period - Stopped by Jeremy Swayman without a rebound.
10:29 of 1st period - Anthony Cirelli wins face-off versus Bo Horvat in Avalanche zone.
10:34 of 1st period - Wrist shot by Anthony Cirelli.
10:34 of 1st period - Stopped by Jeremy Swayman without a rebound.
10:35 of 1st period - Anthony Cirelli wins face-off versus Bo Horvat in Avalanche zone.
10:40 of 1st period - Snap shot by Matthew Knies.
10:40 of 1st period - Stopped by Jeremy Swayman without a rebound.
10:41 of 1st period - Nazem Kadri wins face-off versus Brayden Point in Avalanche zone.
10:50 of 1st period - Morgan Geekie is hit by Nazem Kadri and loses puck.
11:07 of 1st period - Jared Spurgeon is hit by Nikolaj Ehlers and loses puck.
12:08 of 1st period - Slapshot by Jake Sanderson.
12:08 of 1st period - Deflect By Bo Horvat.
12:08 of 1st period - Shot Misses the Net.
12:08 of 1st period - Puck is out of play.
12:09 of 1st period - Anthony Cirelli wins face-off versus Brayden Point in Bruins zone.
12:19 of 1st period - Off-side.
12:20 of 1st period - Brayden Point wins face-off versus J.T. Compher in neutral zone.
12:25 of 1st period - Dylan Holloway is hit by David Pastrnak and loses puck.
12:32 of 1st period - Wrist shot by Brayden Point.
12:32 of 1st period - Stopped by Ilya Sorokin with a rebound.
12:46 of 1st period - Ryan Graves is hit by Matty Beniers and loses puck.
13:37 of 1st period - Snap shot by Adam Gaudette.
13:37 of 1st period - Deflect By Patrik Laine.
13:37 of 1st period - Stopped by Jeremy Swayman without a rebound.
13:38 of 1st period - Sam Carrick wins face-off versus Brayden Point in Avalanche zone.
14:01 of 1st period - Wrist shot by Brayden Point.
14:01 of 1st period - Shot Misses the Net.
14:30 of 1st period - Minor Penalty to Matt Roy for Unsportsmanlike conduct.
14:31 of 1st period - Anthony Cirelli wins face-off versus Matty Beniers in Bruins zone.
14:43 of 1st period - Snap shot by J.T. Compher.
14:43 of 1st period - Stopped by Jeremy Swayman without a rebound.
14:44 of 1st period - Bo Horvat wins face-off versus J.T. Compher in Avalanche zone.
14:44 of 1st period - Bo Horvat is hit by Anthony Cirelli.
15:12 of 1st period - Snap shot by Bo Horvat.
15:12 of 1st period - Goal by Bo Horvat - Avalanche : 1 - Bruins : 0.
15:13 of 1st period - Jordan Kyrou wins face-off versus Matthew Knies in neutral zone.
15:16 of 1st period - Slapshot by Travis Sanheim.
15:16 of 1st period - Shot Misses the Net.
15:18 of 1st period - Snap shot by Bo Horvat.
15:18 of 1st period - Stopped by Ilya Sorokin without a rebound.
15:19 of 1st period - Anthony Cirelli wins face-off versus Bo Horvat in Bruins zone.
15:56 of 1st period - Snap shot by Dylan Holloway.
15:56 of 1st period - Stopped by Jeremy Swayman without a rebound.
15:57 of 1st period - Nazem Kadri wins face-off versus Bo Horvat in Avalanche zone.
16:06 of 1st period - Snap shot by Nazem Kadri.
16:06 of 1st period - Stopped by Jeremy Swayman without a rebound.
16:07 of 1st period - Nazem Kadri wins face-off versus Bo Horvat in Avalanche zone.
16:16 of 1st period - Wrist shot by Conor Garland.
16:16 of 1st period - Stopped by Jeremy Swayman without a rebound.
16:17 of 1st period - Anthony Cirelli wins face-off versus Brayden Point in Avalanche zone.
16:24 of 1st period - Miro Heiskanen is hit by Morgan Geekie and loses puck.
17:06 of 1st period - Alex Pietrangelo is hit by Nino Niederreiter.
17:18 of 1st period - Nino Niederreiter is hit by Jake Sanderson and loses puck.
18:30 of 1st period - David Pastrnak is hit by J.T. Compher and loses puck.
18:57 of 1st period - Wrist shot by Brayden Point.
18:57 of 1st period - Shot Misses the Net.
18:59 of 1st period - Wrist shot by Morgan Geekie.
18:59 of 1st period - Shot Blocked by Matt Roy.
19:01 of 1st period - Slapshot by Pavel Mintyukov.
19:01 of 1st period - Stopped by Ilya Sorokin without a rebound.
19:02 of 1st period - Anthony Cirelli wins face-off versus Bo Horvat in Bruins zone.
19:02 of 1st period - Anthony Cirelli is hit by Jordan Kyrou.
19:10 of 1st period - Wrist shot by Anthony Cirelli.
19:10 of 1st period - Shot Blocked by Alex Pietrangelo.
19:12 of 1st period - Snap shot by Matthew Knies.
19:12 of 1st period - Stopped by Jeremy Swayman with a rebound.
19:14 of 1st period - Snap shot by Philip Broberg.
19:14 of 1st period - Shot Misses the Net.
19:16 of 1st period - Snap shot by Jonas Siegenthaler.
19:16 of 1st period - Stopped by Jeremy Swayman with a rebound.
19:18 of 1st period - Slapshot by Jonas Siegenthaler.
19:18 of 1st period - Stopped by Jeremy Swayman without a rebound.
19:19 of 1st period - Jordan Staal wins face-off versus Nazem Kadri in Avalanche zone.
19:30 of 1st period - Slapshot by Jordan Staal.
19:30 of 1st period - Deflect By Conor Garland.
19:30 of 1st period - Shot Misses the Net.
19:30 of 1st period - Puck is out of play.
19:31 of 1st period - Anthony Cirelli wins face-off versus Bo Horvat in Bruins zone.
19:47 of 1st period - Off-side.
19:48 of 1st period - Nazem Kadri wins face-off versus Brayden Point in neutral zone.
19:52 of 1st period - Off-side.
19:53 of 1st period - Nazem Kadri wins face-off versus Brayden Point in neutral zone.
Goals for this period are 1 for Avalanche vs 0 for Bruins.
Shots for this period are 14 for Avalanche vs 14 for Bruins.
2nd period
0:01 of 2nd period - Jordan Staal wins face-off versus Anthony Cirelli in neutral zone.
0:08 of 2nd period - Wrist shot by Nikolaj Ehlers.
0:08 of 2nd period - Stopped by Ilya Sorokin without a rebound.
0:09 of 2nd period - Anthony Cirelli wins face-off versus Jordan Staal in Bruins zone.
0:22 of 2nd period - Wrist shot by Nikolaj Ehlers.
0:22 of 2nd period - Stopped by Ilya Sorokin with a rebound.
0:40 of 2nd period - Snap shot by Matty Beniers.
0:40 of 2nd period - Stopped by Ilya Sorokin without a rebound.
0:41 of 2nd period - Nazem Kadri wins face-off versus Brayden Point in Bruins zone.
0:43 of 2nd period - Minor Penalty to Nazem Kadri for High sticking.
0:44 of 2nd period - Anthony Cirelli wins face-off versus Bo Horvat in Bruins zone.
0:56 of 2nd period - Snap shot by Artemi Panarin.
0:56 of 2nd period - Stopped by Ilya Sorokin without a rebound.
0:57 of 2nd period - Bo Horvat wins face-off versus Anthony Cirelli in Bruins zone.
2:43 of 2nd period - Penalty to Nazem Kadri is over, Nazem Kadri is back on ice.
3:28 of 2nd period - Snap shot by Adam Gaudette.
3:28 of 2nd period - Stopped by Jeremy Swayman without a rebound.
3:29 of 2nd period - Sam Carrick wins face-off versus Morgan Geekie in Avalanche zone.
3:42 of 2nd period - Snap shot by Adam Gaudette.
3:42 of 2nd period - Deflect By Patrik Laine.
3:42 of 2nd period - Shot Misses the Net.
3:42 of 2nd period - Puck is out of play.
3:43 of 2nd period - Bo Horvat wins face-off versus Anthony Cirelli in Avalanche zone.
3:56 of 2nd period - Slapshot by Jordan Kyrou.
3:56 of 2nd period - Stopped by Ilya Sorokin without a rebound.
3:57 of 2nd period - Morgan Geekie wins face-off versus Anthony Cirelli in Bruins zone.
4:24 of 2nd period - Conor Garland is hit by Bo Horvat and loses puck.
4:38 of 2nd period - Minor Penalty to Travis Sanheim for Delaying the game.
4:39 of 2nd period - Jordan Staal wins face-off versus Anthony Cirelli in Avalanche zone.
4:39 of 2nd period - Jordan Staal is hit by Jared Spurgeon.
5:02 of 2nd period - Minor Penalty to Jordan Staal for Cross-checking.
5:03 of 2nd period - Matty Beniers wins face-off versus Anthony Cirelli in Avalanche zone.
5:20 of 2nd period - Wrist shot by Matthew Knies.
5:20 of 2nd period - Stopped by Jeremy Swayman without a rebound.
5:21 of 2nd period - Anthony Cirelli wins face-off versus Matty Beniers in Avalanche zone.
6:38 of 2nd period - Penalty to Travis Sanheim is over, Travis Sanheim is back on ice.
7:02 of 2nd period - Penalty to Jordan Staal is over, Jordan Staal is back on ice.
7:22 of 2nd period - Wrist shot by J.T. Compher.
7:22 of 2nd period - Stopped by Jeremy Swayman with a rebound.
7:28 of 2nd period - Minor Penalty to Dylan DeMelo for Tripping.
7:29 of 2nd period - Jordan Staal wins face-off versus Logan Cooley in Avalanche zone.
7:40 of 2nd period - Jake Sanderson is hit by Nino Niederreiter and loses puck.
8:17 of 2nd period - Logan O'Connor is hit by Conor Garland.
9:28 of 2nd period - Penalty to Dylan DeMelo is over, Dylan DeMelo is back on ice.
9:40 of 2nd period - Slapshot by Jake Sanderson.
9:40 of 2nd period - Deflect By Morgan Geekie.
9:40 of 2nd period - Shot Misses the Net.
9:40 of 2nd period - Puck is out of play.
9:41 of 2nd period - Morgan Geekie wins face-off versus J.T. Compher in Bruins zone.
10:13 of 2nd period - Nikolaj Ehlers is hit by Dylan Holloway and loses puck.
10:26 of 2nd period - Snap shot by J.T. Compher.
10:26 of 2nd period - Shot Misses the Net.
10:30 of 2nd period - Slapshot by J.T. Compher.
10:30 of 2nd period - Shot Blocked by Jake Sanderson.
10:54 of 2nd period - Snap shot by Alex Newhook.
10:54 of 2nd period - Stopped by Jeremy Swayman without a rebound.
10:55 of 2nd period - Brayden Point wins face-off versus Anthony Cirelli in Avalanche zone.
11:06 of 2nd period - Slapshot by David Pastrnak.
11:06 of 2nd period - Stopped by Ilya Sorokin without a rebound.
11:07 of 2nd period - Bo Horvat wins face-off versus Anthony Cirelli in Bruins zone.
11:12 of 2nd period - Wrist shot by Artemi Panarin.
11:12 of 2nd period - Stopped by Ilya Sorokin with a rebound.
11:14 of 2nd period - Slapshot by Bo Horvat.
11:14 of 2nd period - Stopped by Ilya Sorokin without a rebound.
11:15 of 2nd period - Bo Horvat wins face-off versus Anthony Cirelli in Bruins zone.
11:20 of 2nd period - Wrist shot by Artemi Panarin.
11:20 of 2nd period - Deflect By Bo Horvat.
11:20 of 2nd period - Shot Blocked by Matt Roy.
11:20 of 2nd period - Puck is out of play.
11:21 of 2nd period - Morgan Geekie wins face-off versus Matthew Knies in Bruins zone.
11:22 of 2nd period - Slapshot by David Pastrnak.
11:22 of 2nd period - Stopped by Ilya Sorokin with a rebound.
11:24 of 2nd period - Snap shot by David Pastrnak.
11:24 of 2nd period - Shot Misses the Net.
11:26 of 2nd period - Wrist shot by Brayden Point.
11:26 of 2nd period - Stopped by Ilya Sorokin without a rebound.
11:27 of 2nd period - Matthew Knies wins face-off versus Brayden Point in Bruins zone.
13:12 of 2nd period - Snap shot by Nino Niederreiter.
13:12 of 2nd period - Shot Misses the Net.
13:14 of 2nd period - Snap shot by Nino Niederreiter.
13:14 of 2nd period - Stopped by Jeremy Swayman without a rebound.
13:15 of 2nd period - Brayden Point wins face-off versus Matthew Knies in Avalanche zone.
13:15 of 2nd period - Brayden Point is hit by Logan Cooley.
13:41 of 2nd period - David Pastrnak is hit by Matt Roy and loses puck.
13:48 of 2nd period - Slapshot by Pavel Mintyukov.
13:48 of 2nd period - Stopped by Ilya Sorokin without a rebound.
13:49 of 2nd period - Bo Horvat wins face-off versus Matthew Knies in Bruins zone.
13:58 of 2nd period - Snap shot by Jordan Kyrou.
13:58 of 2nd period - Shot Misses the Net.
14:00 of 2nd period - Slapshot by Travis Sanheim.
14:00 of 2nd period - Stopped by Ilya Sorokin with a rebound.
14:29 of 2nd period - Miro Heiskanen is hit by Jordan Staal and loses puck.
14:42 of 2nd period - Snap shot by J.T. Compher.
14:42 of 2nd period - Stopped by Jeremy Swayman with a rebound.
14:56 of 2nd period - Icing by Miro Heiskanen.
14:57 of 2nd period - J.T. Compher wins face-off versus Bo Horvat in Bruins zone.
15:02 of 2nd period - Miro Heiskanen is hit by Jordan Kyrou and loses puck.
15:27 of 2nd period - Snap shot by Matty Beniers.
15:27 of 2nd period - Shot Misses the Net.
16:03 of 2nd period - Snap shot by Ryan Graves.
16:03 of 2nd period - Stopped by Jeremy Swayman without a rebound.
16:04 of 2nd period - Patrik Laine wins face-off versus Leo Carlsson in Avalanche zone.
16:12 of 2nd period - Off-side.
16:13 of 2nd period - Bo Horvat wins face-off versus Anthony Cirelli in neutral zone.
16:44 of 2nd period - Snap shot by Jared Spurgeon.
16:44 of 2nd period - Goal by Jared Spurgeon - Avalanche : 1 - Bruins : 1.
16:45 of 2nd period - Brayden Point wins face-off versus Anthony Cirelli in neutral zone.
16:48 of 2nd period - Wrist shot by David Pastrnak.
16:48 of 2nd period - Stopped by Ilya Sorokin without a rebound.
16:49 of 2nd period - Anthony Cirelli wins face-off versus Brayden Point in Bruins zone.
17:12 of 2nd period - Minor Penalty to Travis Sanheim for High sticking.
17:13 of 2nd period - Anthony Cirelli wins face-off versus Jordan Staal in Avalanche zone.
17:16 of 2nd period - Snap shot by Anthony Cirelli.
17:16 of 2nd period - Stopped by Jeremy Swayman without a rebound.
17:17 of 2nd period - Jordan Staal wins face-off versus Anthony Cirelli in Avalanche zone.
17:30 of 2nd period - Wrist shot by Logan O'Connor.
17:30 of 2nd period - Shot Blocked by Miro Heiskanen.
19:12 of 2nd period - Penalty to Travis Sanheim is over, Travis Sanheim is back on ice.
19:21 of 2nd period - Jared Spurgeon is hit by David Pastrnak and loses puck.
19:40 of 2nd period - Dylan Holloway is hit by Artemi Panarin and loses puck.
Goals for this period are 0 for Avalanche vs 1 for Bruins.
Shots for this period are 13 for Avalanche vs 9 for Bruins.
3rd period
0:01 of 3rd period - Artemi Panarin wins face-off versus Anthony Cirelli in neutral zone.
0:04 of 3rd period - Slapshot by Artemi Panarin.
0:04 of 3rd period - Shot Misses the Net.
0:26 of 3rd period - Brayden Point is hit by Conor Garland.
1:06 of 3rd period - Icing by Ryan Graves.
1:07 of 3rd period - Bo Horvat wins face-off versus J.T. Compher in Bruins zone.
1:21 of 3rd period - Minor Penalty to Ryan Graves for Interference.
1:22 of 3rd period - Bo Horvat wins face-off versus Anthony Cirelli in Bruins zone.
2:36 of 3rd period - Icing by Travis Sanheim.
2:37 of 3rd period - Anthony Cirelli wins face-off versus Bo Horvat in Avalanche zone.
2:51 of 3rd period - Off-side.
2:52 of 3rd period - Matty Beniers wins face-off versus Logan Cooley in neutral zone.
3:21 of 3rd period - Penalty to Ryan Graves is over, Ryan Graves is back on ice.
3:28 of 3rd period - Snap shot by Logan Cooley.
3:28 of 3rd period - Shot Misses the Net.
3:30 of 3rd period - Backhand shot by Miro Heiskanen.
3:30 of 3rd period - Shot Misses the Net.
3:32 of 3rd period - Slapshot by Patrik Laine.
3:32 of 3rd period - Shot Misses the Net.
4:15 of 3rd period - Icing by Travis Sanheim.
4:16 of 3rd period - Jordan Staal wins face-off versus J.T. Compher in Avalanche zone.
4:21 of 3rd period - Matt Roy is hit by Travis Sanheim and loses puck.
4:32 of 3rd period - Esa Lindell is hit by J.T. Compher and loses puck.
4:53 of 3rd period - Minor Penalty to Nazem Kadri for Roughing.
4:54 of 3rd period - Bo Horvat wins face-off versus Anthony Cirelli in Bruins zone.
5:10 of 3rd period - Artemi Panarin is hit by Matt Roy and loses puck.
5:21 of 3rd period - J.T. Compher is hit by Jake Sanderson and loses puck.
5:32 of 3rd period - Snap shot by Jordan Kyrou.
5:32 of 3rd period - Stopped by Ilya Sorokin with a rebound.
6:53 of 3rd period - Penalty to Nazem Kadri is over, Nazem Kadri is back on ice.
8:20 of 3rd period - Nazem Kadri is hit by Dylan DeMelo and loses puck.
9:07 of 3rd period - Snap shot by Sam Carrick.
9:07 of 3rd period - Deflect By Adam Gaudette.
9:07 of 3rd period - Stopped by Jeremy Swayman without a rebound.
9:08 of 3rd period - Brayden Point wins face-off versus Adam Gaudette in Avalanche zone.
9:13 of 3rd period - Wrist shot by Brayden Point.
9:13 of 3rd period - Stopped by Ilya Sorokin without a rebound.
9:14 of 3rd period - Anthony Cirelli wins face-off versus Brayden Point in Bruins zone.
9:14 of 3rd period - Anthony Cirelli is hit by Pavel Mintyukov.
10:24 of 3rd period - Slapshot by Matthew Knies.
10:24 of 3rd period - Stopped by Jeremy Swayman without a rebound.
10:25 of 3rd period - Bo Horvat wins face-off versus Nazem Kadri in Avalanche zone.
10:34 of 3rd period - Wrist shot by Bo Horvat.
10:34 of 3rd period - Shot Blocked by Miro Heiskanen.
11:00 of 3rd period - Wrist shot by Jordan Staal.
11:00 of 3rd period - Stopped by Ilya Sorokin without a rebound.
11:01 of 3rd period - Jordan Staal wins face-off versus Nino Niederreiter in Bruins zone.
11:14 of 3rd period - Wrist shot by Matty Beniers.
11:14 of 3rd period - Stopped by Ilya Sorokin without a rebound.
11:15 of 3rd period - Bo Horvat wins face-off versus Nazem Kadri in Bruins zone.
11:22 of 3rd period - Backhand shot by Jordan Kyrou.
11:22 of 3rd period - Deflect By Bo Horvat.
11:22 of 3rd period - Shot Blocked by Matt Roy.
11:22 of 3rd period - Puck is out of play.
11:23 of 3rd period - Bo Horvat wins face-off versus Nazem Kadri in Bruins zone.
11:34 of 3rd period - Snap shot by Artemi Panarin.
11:34 of 3rd period - Shot Misses the Net.
11:36 of 3rd period - Snap shot by Artemi Panarin.
11:36 of 3rd period - Stopped by Ilya Sorokin without a rebound.
11:37 of 3rd period - Anthony Cirelli wins face-off versus Bo Horvat in Bruins zone.
11:54 of 3rd period - Slapshot by Anthony Cirelli.
11:54 of 3rd period - Stopped by Jeremy Swayman without a rebound.
11:55 of 3rd period - Nazem Kadri wins face-off versus Brayden Point in Avalanche zone.
11:56 of 3rd period - Slapshot by Conor Garland.
11:56 of 3rd period - Shot Blocked by Jake Sanderson.
11:58 of 3rd period - Slapshot by Conor Garland.
11:58 of 3rd period - Shot Blocked by Jake Sanderson.
12:00 of 3rd period - Snap shot by Conor Garland.
12:00 of 3rd period - Shot Misses the Net.
12:19 of 3rd period - Icing by Brayden Point.
12:20 of 3rd period - Anthony Cirelli wins face-off versus Bo Horvat in Avalanche zone.
12:53 of 3rd period - Slapshot by Esa Lindell.
12:53 of 3rd period - Stopped by Ilya Sorokin without a rebound.
12:54 of 3rd period - Nazem Kadri wins face-off versus Jordan Staal in Bruins zone.
13:37 of 3rd period - Slapshot by Matt Roy.
13:37 of 3rd period - Stopped by Jeremy Swayman without a rebound.
13:38 of 3rd period - Anthony Cirelli wins face-off versus Bo Horvat in Avalanche zone.
13:45 of 3rd period - Slapshot by Logan Cooley.
13:45 of 3rd period - Shot Misses the Net.
14:30 of 3rd period - Jake Sanderson is hit by Jonas Siegenthaler and loses puck.
14:54 of 3rd period - Slapshot by Leo Carlsson.
14:54 of 3rd period - Stopped by Ilya Sorokin without a rebound.
14:55 of 3rd period - Leo Carlsson wins face-off versus Anthony Cirelli in Bruins zone.
15:20 of 3rd period - Slapshot by Logan Cooley.
15:20 of 3rd period - Stopped by Jeremy Swayman without a rebound.
15:21 of 3rd period - J.T. Compher wins face-off versus Jordan Staal in Avalanche zone.
15:27 of 3rd period - Off-side.
15:28 of 3rd period - Jordan Staal wins face-off versus J.T. Compher in neutral zone.
15:41 of 3rd period - Snap shot by Dylan Holloway.
15:41 of 3rd period - Shot Misses the Net.
15:43 of 3rd period - Wrist shot by Dylan Holloway.
15:43 of 3rd period - Shot Blocked by Jordan Staal.
15:45 of 3rd period - Snap shot by Ryan Graves.
15:45 of 3rd period - Shot Misses the Net.
15:47 of 3rd period - Snap shot by J.T. Compher.
15:47 of 3rd period - Goal by J.T. Compher - Avalanche : 1 - Bruins : 2.
15:48 of 3rd period - Jordan Staal wins face-off versus J.T. Compher in neutral zone.
15:50 of 3rd period - Minor Penalty to Travis Sanheim for Holding.
15:51 of 3rd period - Jordan Staal wins face-off versus Anthony Cirelli in Avalanche zone.
15:59 of 3rd period - Wrist shot by Anthony Cirelli.
15:59 of 3rd period - Stopped by Jeremy Swayman without a rebound.
16:00 of 3rd period - Jordan Staal wins face-off versus Anthony Cirelli in Avalanche zone.
16:13 of 3rd period - Jordan Staal is hit by Matthew Knies and loses puck.
16:20 of 3rd period - Snap shot by Nazem Kadri.
16:20 of 3rd period - Shot Blocked by Esa Lindell.
16:22 of 3rd period - Snap shot by Matthew Knies.
16:22 of 3rd period - Shot Blocked by Esa Lindell.
16:24 of 3rd period - Snap shot by Matthew Knies.
16:24 of 3rd period - Shot Blocked by Esa Lindell.
16:26 of 3rd period - Wrist shot by Jared Spurgeon.
16:26 of 3rd period - Shot Misses the Net.
16:28 of 3rd period - Wrist shot by Anthony Cirelli.
16:28 of 3rd period - Shot Misses the Net.
16:30 of 3rd period - Wrist shot by Matthew Knies.
16:30 of 3rd period - Goal by Matthew Knies - Avalanche : 1 - Bruins : 3.
16:31 of 3rd period - Jordan Staal wins face-off versus J.T. Compher in neutral zone.
16:34 of 3rd period - Backhand shot by Travis Sanheim.
16:34 of 3rd period - Shot Blocked by Jared Spurgeon.
16:36 of 3rd period - Slapshot by Jordan Staal.
16:36 of 3rd period - Shot Misses the Net.
16:38 of 3rd period - Slapshot by Travis Sanheim.
16:38 of 3rd period - Shot Misses the Net.
16:48 of 3rd period - Snap shot by Matty Beniers.
16:48 of 3rd period - Shot Blocked by Matt Roy.
16:58 of 3rd period - Brayden Point is hit by Matt Roy and loses puck.
17:07 of 3rd period - Slapshot by David Pastrnak.
17:07 of 3rd period - Shot Misses the Net.
17:36 of 3rd period - Miro Heiskanen is hit by Bo Horvat and loses puck.
18:07 of 3rd period - Pavel Mintyukov is hit by J.T. Compher and loses puck.
18:36 of 3rd period - Snap shot by Logan Cooley.
18:36 of 3rd period - Shot Hit the Post.
19:04 of 3rd period - Snap shot by Morgan Geekie.
19:04 of 3rd period - Shot Blocked by Jonas Siegenthaler.
19:55 of 3rd period - Patrik Laine is hit by Leo Carlsson and loses puck.
Goals for this period are 0 for Avalanche vs 2 for Bruins.
Shots for this period are 7 for Avalanche vs 8 for Bruins.